 Dungeon Crawl Stone Soup version 0.29-a0-414-g5075937ec3 (webtiles) character file.

Game seed: 8228490465159443527

77 jlumianski the Covered (level 4, -4/35 HPs)
             Began as a Demonspawn Fighter on May 15, 2022.
             Succumbed to Sigmund's poison
             ... on level 3 of the Dungeon.
             The game lasted 00:07:27 (2762 turns).

jlumianski the Covered (Demonspawn Fighter)         Turns: 2762, Time: 00:07:28

Health: -4/35      AC:  8    Str: 25    XL:     4   Next: 13%
Magic:  4/4        EV: 10    Int:  5    God:
Gold:   98         SH:  4    Dex: 12    Spells: 3/3 levels left

rFire   + . .      SeeInvis .   a - +0 war axe
rCold   + . .      Faith    .   c - +0 buckler
rNeg    + . .      Spirit   .   k - +1 ring mail "Migaq" {Contam rElec rCorr Int-4}
rPois   .          Reflect  .   (helmet restricted)
rElec   +          Harm     .   (no cloak)
rCorr   +          Rampage  .   (no gloves)
Will    .....                   (no boots)
Stlth   +.........              (no amulet)
HPRegen 0.11/turn               o - ring of positive energy
MPRegen 0.09/turn               q - +6 ring of strength

@: lethally poisoned (-4 -> -36), invisible (expiring)
A: antennae 1, slimy green scales 1, spiny 1, cold resistance 1, fire resistance
1
a: no special abilities


You were on level 3 of the Dungeon.
You visited 1 branch of the dungeon, and saw 3 of its levels.

You collected 98 gold pieces.

Inventory:

Hand Weapons
 a - a +0 war axe (weapon)
 l - the +9 falchion of Irrepressible Laughter {flame, *Slow rPois rN+ Dex+5}
   (You found it on level 2 of the Dungeon)

   It burns those it strikes, dealing additional fire damage.
   Big, fiery blades are also staple armaments of hydra-hunters.
   Dex:       It affects your dexterity (+5).
   rPois:     It protects you from poison.
   rN:        It protects you from negative energy.
   *Slow:     It may slow you when you take damage.
 m - a +1 short sword of protection
Missiles
 f - 12 stones
 s - 8 poisoned darts
 w - 5 boomerangs (quivered)
Armour
 b - a +0 scale mail
 c - a +0 buckler (worn)
 k - the +1 ring mail "Migaq" (worn) {Contam rElec rCorr Int-4}
   (You found it on level 2 of the Dungeon)

   Int:       It affects your intelligence (-4).
   rElec:     It insulates you from electricity.
   Contam:    It causes magical contamination when unequipped.
   rCorr:     It protects you from acid and corrosion.
Jewellery
 h - an amulet of magic regeneration
 o - a ring of positive energy (left hand)
 q - a +6 ring of strength (right hand)
Wands
 p - a wand of flame (23)
 u - a wand of polymorph (6)
Scrolls
 e - a scroll of summoning {unknown}
 g - 3 scrolls of identify {unknown}
 i - 2 scrolls of enchant armour {unknown}
 n - a scroll of torment {unknown}
Potions
 d - 2 potions of might
 v - a potion of resistance {unknown}


   Skills:
 + Level 3.3 Fighting
 + Level 2.6 Axes
 + Level 3.4 Armour
 + Level 0.3 Dodging
 + Level 0.2 Stealth
 + Level 2.9 Shields


You had 3 spell levels left.
You didn't know any spells.
Your spell library was empty.

Dungeon Overview and Level Annotations

Branches:
Dungeon (3/15)

Altars:

Annotations:
D:3 Sigmund


Innate Abilities, Weirdness & Mutations

You have a pair of small antennae on your head.
You are partially covered in slimy green scales. (AC +2)
You are partially covered in sharp spines.
Your flesh is cold resistant. (rC+)
Your flesh is heat resistant. (rF+)


Message History

You bump into the rock wall.
Sigmund closely misses you.
It was a potion of mutation.
You feel extremely strange.
You feel resistant to cold.
You feel resistant to heat.
Sigmund points at you and mumbles some strange words.
The magic dart hits you!
It was a potion of invisibility.
You fade into invisibility!
Sigmund hits you from afar with a +1 scythe of venom.
You are poisoned.
It was a potion of curing.
You feel better. Sigmund barely misses you.
Sigmund says, "Don't worry, I'll kill you fast."
Sigmund casts a spell at you. You resist with some effort.
Sigmund gestures wildly while chanting.
Sigmund flickers and vanishes!
Deactivating autopickup; reactivate with Ctrl-A.
You miss something.
You hear some strange, mumbled words.
A puff of flame appears from out of thin air!
The puff of flame hits you. You resist.
You slash something! Something hits you.
You are poisoned.
Something hits you!
You closely miss something.
You feel very sick. Something hits you but does no damage.
You are lethally poisoned!
You hit something but do no damage.
You flicker for a moment.
* * * LOW HITPOINT WARNING * * *
You feel very sick. Something hits you.
* * * LOW HITPOINT WARNING * * *
You are more poisoned.
Something hits you.
* * * LOW HITPOINT WARNING * * *
You are more poisoned.
You closely miss something.
You die...

#..# ### ...
..# #.## #.#
#.## #.#
##.####.##
##......####
#...##.....#
#.##{###.##)#
#.#
#@###.##.#
#.#
#...8.##.###
#.
#8.8.###...#
# #....#
###.# #....#
#.# #..###
#.# ##.# #.#
#.# #.# #.#
#.#


There were no monsters in sight!

Vanquished Creatures
  2 adders (D:2)
  A worm (D:2)
  A dart slug (D:1)
  2 orcs (D:2)
  2 ball pythons
  5 bats
  5 endoplasms
  2 giant cockroaches (D:1)
  6 goblins
  4 hobgoblins
  4 jackals (D:1)
  3 kobolds
  2 quokkas
  2 frilled lizards
  4 rats
45 creatures vanquished.

Vanquished Creatures (others)
  A plant (D:1)
1 creature vanquished.

Grand Total: 46 creatures vanquished

Notes
Turn   | Place    | Note
-------+----------+-------------------------------------------
     0 | D:1      | jlumianski the Demonspawn Fighter began the quest for the
                  | Orb.
     0 | D:1      | Reached XP level 1. HP: 18/18 MP: 1/1
   215 | D:1      | Gained mutation: You are partially covered in sharp spines.
                  | [demonic ancestry]
   215 | D:1      | Reached XP level 2. HP: 18/24 MP: 2/2
   753 | D:1      | You fall into a shaft and drop 1 floor!
   765 | D:2      | Gained mutation: You have a pair of small antennae on your
                  | head. [demonic ancestry]
   765 | D:2      | Reached XP level 3. HP: 24/29 MP: 3/3
   830 | D:2      | Identified the +1 ring mail "Migaq" {Contam rElec rCorr
                  | Int-4}
   895 | D:2      | Identified the +9 falchion of Irrepressible Laughter
                  | {flame, *Slow rPois rN+ Dex+5}
  2095 | D:1      | Gained mutation: You are partially covered in slimy green
                  | scales. (AC +2) [demonic ancestry]
  2095 | D:1      | Reached XP level 4. HP: 32/35 MP: 4/4
  2744 | D:3      | Noticed Sigmund
  2753 | D:3      | Gained mutation: Your flesh is cold resistant. (rC+)
                  | [potion of mutation]
  2753 | D:3      | Gained mutation: Your flesh is heat resistant. (rF+)
                  | [potion of mutation]
  2762 | D:3      | Succumbed to Sigmund's poison

Illustrated notes

Levels and vault maps discovered:
D:1:      lemuel_arrival_river_ford, layout_loops_ring, serial_forest,
          infiniplex_forest_clump_double, infiniplex_forest_lined_4_way,
          infiniplex_forest_lined_3, infiniplex_forest_diagonal,
          infiniplex_forest_lined_3_way, infiniplex_forest_corner_1,
          infiniplex_forest_end_1, corexii_corridor_pit
D:2:      cheibrodos_helix_gallery, layout_basic, chequers_arboretum,
          minmay_randomly_rotated_circles
D:3:      layout_loops_ring, mainiacjoe_overflow_brackets, serial_undead,
          serial_undead_f, serial_undead_f, serial_undead_c, serial_undead_b,
          serial_undead_c, hellmonk_ecumenical_altar_slurped_away,
          minmay_misc_feat_ornament, uniq_sigmund

Skill      XL: |  1  2 |
---------------+-------+-----
Armour         | 3 |  3.4
Axes           | 2 |  2.6
Fighting       | |  3.3
Dodging        | |  0.3
Stealth        | |  0.2
Shields        | |  2.9

Action                   |  1- 3 |  4- 6 || total
-------------------------+-------+-------++-------
Melee: War axe           |   104 |    15 ||   119
  Use: Potion            |       |     3 ||     3
Armor: Scale mail        |    35 |       ||    35
       Ring mail         |    11 |     4 ||    15
Dodge: Dodged            |    59 |     6 ||    65
Block: Buckler           |    25 |     4 ||    29

Table legend: (Time is in decaauts)
 A = Elapsed time spent in this place.
 B = Non-inter-level travel time spent in this place.
 C = Inter-level travel time spent in this place.
 D = Time resting spent in this place.
 E = Time spent auto-exploring this place.
 F = Levels seen in this place.
 G = Mean time per level.
                   A        B        C        D        E       F      G
               +--------+--------+--------+--------+--------+-----+--------+
         Total |   2820 |   2820 |      0 |      0 |   2134 |   3 |  940.0 |
       Dungeon |   2820 |   2820 |      0 |      0 |   2134 |   3 |  940.0 |
               +--------+--------+--------+--------+--------+-----+--------+

Top non-repeatable levels by time:
     D:1: 1485 daAuts
     D:2: 1283 daAuts
     D:3: 51 daAuts
